 Dungeon Crawl Stone Soup version 0.30-a0-169-g06f667207d (webtiles) character file.

Game seed: 14630938563173354848

87 qw the Chopper (level 4, 0/28 HPs)
             Began as a Gargoyle Fighter on Sept 29, 2022.
             Slain by an iguana (10 damage)
             ... on level 4 of the Dungeon.
             The game lasted 00:01:01 (3158 turns).

qw the Chopper (Gargoyle Fighter)                   Turns: 3158, Time: 00:01:02

Health: 0/28       AC: 20    Str: 21 (22) XL:     4   Next: 51%
Magic:  4/4        EV:  5    Int:  7 (8)  God:
Gold:   133        SH:  4    Dex:  8 (9)  Spells: 3/3 levels left

rFire   . . .      SeeInvis .    Y - +2 war axe
rCold   . . .      Faith    .    c - +0 buckler
rNeg    + . .      Spirit   .    p - +0 plate armour
rPois   inf        Reflect  .    (no helmet)
rElec   +          Harm     .    (no cloak)
rCorr   .          Rampage  .    n - +0 pair of gloves
Will    .....                    (no boots)
Stlth   ..........               (no amulet)
HPRegen 0.09/turn                f - +4 ring of protection
MPRegen 0.09/turn                (no ring)

@: no status effects
A: sickness immunity, AC +3, negative energy resistance 1, electricity
resistance, torment resistance 1, petrification resistance
a: no special abilities


You were on level 4 of the Dungeon.
You visited 1 branch of the dungeon, and saw 4 of its levels.

You collected 133 gold pieces.


Innate Abilities, Weirdness & Mutations

You are immune to sickness and miasma.
Your stone body is resilient. (AC +3)
You are immune to poison.
You resist negative energy. (rN+)
You are resistant to electric shocks. (rElec)
You are resistant to unholy torment.
You are immune to petrification.


   Skills:
 - Level 3.2 Fighting
 + Level 4.2 Axes
 - Level 3.2 Armour
 - Level 3.2 Shields


You had 3 spell levels left.
You didn't know any spells.
Your spell library was empty.

Inventory:

Hand Weapons
 g - a +0 morningstar
 Y - a +2 war axe (weapon)
Missiles
 m - 3 boomerangs (quivered)
Armour
 c - a +0 buckler (worn)
 n - a +0 pair of gloves (worn)
 p - a +0 plate armour (worn)
Jewellery
 f - a +4 ring of protection (left hand)
Scrolls
 q - 2 scrolls of teleportation
Potions
 d - a potion of might
 e - a potion of haste {unknown}
 j - a potion of curing {unknown}
 k - a potion of mutation {unknown}
 l - a potion of heal wounds
 r - a potion of brilliance {unknown}

Dungeon Overview and Level Annotations

Branches:
Dungeon (4/15)             Temple (0/1) D:4

Altars:
Dithmenos
Zin


Message History

3128 ||| DROPPING potion of magic.
You drop a potion of magic.
(D) Dungeon (T) Temple
Where to? (* - list waypoints, Enter - D:4, ? - help)
Found a sapphire potion.
An iguana comes into view.
The iguana hisses angrily.
3133 ||| FLEEEEING.
3134 ||| FLEEEEING.
3135 ||| FLEEEEING.
3136 ||| FLEEEEING.
You see here a potion of magic.
3137 ||| FLEEEEING.
3139 ||| FLEEEEING.
There is an open door here.
(D) Dungeon (T) Temple
Where to? (* - list waypoints, Enter - Temple, ? - help)
The iguana bites you!
You hit the iguana.
The iguana is lightly wounded.
The iguana bites you!
You closely miss the iguana.
The iguana is lightly wounded.
The iguana bites you but does no damage.
You barely miss the iguana.
The iguana is lightly wounded.
The iguana closely misses you. The iguana bites you.
You hit the iguana.
The iguana is heavily wounded.
You block the iguana's attack.
You barely miss the iguana.
The iguana is heavily wounded.
The iguana bites you but does no damage.
You slash the iguana!
The iguana is almost dead.
You block the iguana's attack.
The iguana bites you but does no damage.
You completely miss the iguana.
The iguana is almost dead.
The iguana bites you!
You die...

#...# #~~..~..~}.~..
..... #~~...~.}~..~.
...... #~~~..~..~..~.
##~~~..~..~~..
##.~..~...... .
#..~~....... ..
##........... .#.
#............ ....##
#####@....... #
#...### #...l........
#.#
#...####.##.########
#...###..!##.##.#
.....l..#..#'#..#####
..>l.##........./...#
.....#..............#
#...##.##...........#
###.#.. #...........#


You could see an iguana.

Vanquished Creatures
  An adder (D:2)
  A worm (D:2)
  2 dart slugs
  An orc (D:4)
  5 endoplasms
  3 giant cockroaches
  6 goblins
  6 hobgoblins
  10 jackals
  2 kobolds (D:3)
  4 quokkas
  5 ball pythons
  6 bats
  3 frilled lizards
  5 rats
60 creatures vanquished.

Notes
Turn   | Place    | Note
-------+----------+-------------------------------------------
     0 | D:1      | qw the Gargoyle Fighter began the quest for the Orb.
     0 | D:1      | Reached XP level 1. HP: 14/14 MP: 1/1
     0 | D:1      | 0 ||| qw: Version: 0.2-a-12-gaebbb33
     0 | D:1      | 0 ||| qw: Game counter: 1347
     0 | D:1      | 0 ||| qw: Always use a shield: true
     0 | D:1      | 0 ||| qw: God list: Okawaru
     0 | D:1      | 0 ||| qw: Allow faded altars: false
     0 | D:1      | 0 ||| qw: Do Orc after D:15 true
     0 | D:1      | 0 ||| qw: Do second Lair branch before Depths: true
     0 | D:1      | 0 ||| qw: Lair rune preference: random
     0 | D:1      | 0 ||| qw: Plans: Normal, Zot:1-4, God:TSO, Crypt, Tomb,
                  | Pan, Slime:5, Hells, Abyss, Orb
     0 | D:1      | 0 ||| PLANNING D:1-11
    32 | D:1      | Reached skill level 2 in Axes
    35 | D:1      | HP: 1/14 [frozen (3)]
   465 | D:1      | Reached XP level 2. HP: 16/19 MP: 2/2
   892 | D:1      | Reached skill level 3 in Axes
   899 | D:1      | Reached XP level 3. HP: 22/23 MP: 3/3
   909 | D:1      | Found a faded altar of an unknown god.
  1229 | D:1      | 1229 ||| UPGRADING to +4 ring of protection.
  1230 | D:1      | 1230 ||| READING scroll labelled ATEUG YFEJULAY.
  1231 | D:1      | 1231 ||| READING scroll labelled GELETEU BEVUTZOU.
  1232 | D:1      | 1232 ||| READING scroll labelled HUEZEM ISKASOR.
  1333 | D:2      | 1333 ||| DROPPING +0 mace.
  1392 | D:2      | 1392 ||| Stepping ~*~*~tactically~*~*~ (stealth).
  1699 | D:2      | Reached XP level 4. HP: 28/28 MP: 4/4
  2012 | D:2      | 2012 ||| UPGRADING to +0 pair of gloves.
  2017 | D:2      | 2017 ||| READING scroll labelled IHAEMIWAEMM.
  2018 | D:2      | 2018 ||| DRINKING 2 yellow potions.
  2019 | D:2      | 2019 ||| DROPPING potion of flight.
  2186 | D:3      | 2186 ||| Stepping ~*~*~tactically~*~*~ (stealth).
  2315 | D:3      | Found a shadowy altar of Dithmenos.
  2650 | D:3      | 2650 ||| Stepping ~*~*~tactically~*~*~ (stealth).
  2653 | D:3      | Reached skill level 4 in Axes
  2668 | D:3      | Found a glowing silver altar of Zin.
  2746 | D:3      | 2746 ||| Stepping ~*~*~tactically~*~*~ (stealth).
  2748 | D:3      | 2748 ||| Stepping ~*~*~tactically~*~*~ (stealth).
  2750 | D:3      | 2750 ||| Stepping ~*~*~tactically~*~*~ (hiding).
  2872 | D:3      | 2872 ||| UPGRADING to +0 chain mail.
  2882 | D:3      | 2882 ||| DROPPING +0 scale mail.
  2883 | D:3      | 2883 ||| UPGRADING to +0 plate armour.
  2893 | D:3      | 2893 ||| DROPPING +0 chain mail.
  2894 | D:3      | 2894 ||| READING 2 scrolls labelled HIRUAR FICHAN.
  2895 | D:3      | 2895 ||| READING scroll of enchant weapon.
  2895 | D:3      | 2895 ||| ENCHANTING +1 war axe.
  2896 | D:3      | 2896 ||| READING 3 scrolls labelled PUBUSOF ILIFAEXOCO.
  2901 | D:3      | 2901 ||| READING scroll labelled FOEWIE SOBBABI.
  2902 | D:3      | 2902 ||| READING scroll labelled KAQOGGI KUUSOF.
  2903 | D:3      | 2903 ||| DRINKING 2 puce potions.
  2904 | D:3      | 2904 ||| DRINKING 2 emerald potions.
  2905 | D:3      | 2905 ||| DROPPING potion of degeneration.
  3054 | D:4      | 3054 ||| Stepping ~*~*~tactically~*~*~ (stealth).
  3126 | D:4      | Found a staircase to the Ecumenical Temple.
  3127 | D:4      | 3127 ||| PLANNING TEMPLE
  3127 | D:4      | 3127 ||| DRINKING 2 murky brown potions.
  3128 | D:4      | 3128 ||| DROPPING potion of magic.
  3133 | D:4      | 3133 ||| FLEEEEING.
  3134 | D:4      | 3134 ||| FLEEEEING.
  3135 | D:4      | 3135 ||| FLEEEEING.
  3136 | D:4      | 3136 ||| FLEEEEING.
  3137 | D:4      | 3137 ||| FLEEEEING.
  3139 | D:4      | 3139 ||| FLEEEEING.
  3158 | D:4      | Slain by an iguana

Levels and vault maps discovered:
D:1:      dpeg_arrival_court, layout_loops_ring,
          dreamdust_ecumenical_altar_statues
D:2:      layout_basic
D:3:      layout_basic, grunt_dithmenos_smoke_and_mirrors, lemuel_doored_altar,
          st_stairs_3, wander_ebering_terrifying_dragon_lair
D:4:      cheibrodos_helix_gallery, layout_basic, nicolae_wu_jian_wuxing_cycle,
          minmay_temple_entry_slanted, uniq_ijyb, uniq_duvessa

Skill      XL: |  1  2  3  4 |
---------------+-------------+-----
Axes           | 2 3 4 |  4.2
Fighting       | |  3.2
Armour         | |  3.2
Shields        | |  3.2

Action                   |  1- 3 |  4- 6 || total
-------------------------+-------+-------++-------
Melee: War axe           |   122 |    55 ||   177
Throw: Boomerang         |       |    22 ||    22
  Use: Scroll            |     3 |     6 ||     9
       Potion            |       |     4 ||     4
Armor: Scale mail        |    50 |     8 ||    58
       Plate armour      |       |    22 ||    22
Dodge: Dodged            |    58 |    24 ||    82
Block: Buckler           |    11 |     7 ||    18

Table legend:
 A = Non-vault XP
 B = Vault XP
 C = Vault XP percentage of total XP
 D = Non-vault monster count
 E = Vault monster count
 F = Vault count percentage of total count
                 A         B        C        D         E       F
            +---------+---------+-------+---------+---------+-------
      Total |     112 |      13 |  10.4 |      54 |       6 |  10.0
            +---------+---------+-------+---------+---------+-------
        D:1 |      41 |       0 |   0.0 |      23 |       0 |   0.0
        D:2 |      45 |       0 |   0.0 |      18 |       0 |   0.0
        D:3 |      11 |       9 |  45.0 |       6 |       4 |  40.0
        D:4 |      15 |       4 |  21.1 |       7 |       2 |  22.2
            +---------+---------+-------+---------+---------+-------
